 Dungeon Crawl Stone Soup version 0.20.1-1-g8b1a95d (webtiles) character file.

72 InappropriateContent the Skirmisher (level 4, -4/29 HPs)
             Began as a Gargoyle Berserker on Dec 2, 2017.
             Was a Follower of Trog.
             Slain by Sigmund
             ... wielding a +0 scythe
              (5 damage)
             ... on level 2 of the Dungeon.
             The game lasted 00:06:02 (1296 turns).

InappropriateContent the Skirmisher (GrBe)          Turns: 1296, Time: 00:06:03

Health: -4/29      AC: 11    Str: 22    XL:     4   Next: 25%
Magic:  4/4        EV: 11    Int:  7    God:    Trog [*.....]
Gold:   46         SH:  0    Dex:  9    Spells: 3/3 levels left

rFire    . . .     SeeInvis .   a - +0 mace
rCold    . . .     Gourm    .   (no shield)
rNeg     + . .     Faith    .   i - +0 ring mail
rPois    ∞         Spirit   .   e - +2 hat
rElec    +         Reflect  .   (no cloak)
rCorr    .         Harm     .   (no gloves)
MR       ++...                  (no boots)
Stlth    ..........             (no amulet)
Regen    1.1/turn               (no ring)
MPRegen  0.1/turn               (no ring)

@: berserk cooldown, regenerating, slowed, very slow
A: negative energy resistance 1, electricity resistance, unbreathing,
petrification resistance, rot immunity, AC +3
a: Berserk, Burn Spellbooks, Renounce Religion


You were on level 2 of the Dungeon.
You worshipped Trog.
Trog was aware of your devotion.
You were not hungry.

You visited 1 branch of the dungeon, and saw 2 of its levels.

You collected 46 gold pieces.

Inventory:

Hand Weapons
 a - a +0 mace (weapon)
Armour
 e - a +2 hat (worn)
 f - a +0 leather armour
 i - a +0 ring mail (worn)
Scrolls
 b - 3 scrolls of identify {unknown}
 j - a scroll of immolation {unknown}
 l - a scroll of random uselessness {unknown}
 m - 3 scrolls of teleportation {unknown}
Potions
 d - 2 potions of curing {unknown}
 h - a potion of might {unknown}
 k - a potion of invisibility {unknown}


   Skills:
 * Level 4.1 Fighting
 * Level 3.5 Maces & Flails
 * Level 2.9 Armour
 + Level 2.1 Dodging


You had 3 spell levels left.
You didn't know any spells.

Dungeon Overview and Level Annotations

Branches:
Dungeon (2/15)

Altars:
Ashenzari

Annotations:
D:2 Sigmund


Innate Abilities, Weirdness & Mutations

You are resistant to torment.
Your stone body is resilient. (AC +3)
You are immune to poison.
You resist negative energy. (rN+)
You are resistant to electric shocks. (rElec)
You can survive without breathing.
You are immune to petrification.
You are immune to rotting.


Message History

Something hits you.
You barely miss something.
You hear some strange, mumbled words.
A puff of flame appears from out of thin air!
The puff of flame misses you. Something hits you but does no damage.
You hit something. Something hits you but does no damage.
You closely miss something. Something hits you but does no damage.
You eat the bread ration.
That bread ration really hit the spot!
Something hits you.
Your skin crawls.
You feel resistant to hostile enchantments.
You feel somewhat more hungry.
You can no longer call upon Trog for regeneration and protection from hostile enchantments.
Something hits you.
You closely miss something. Something hits you!
* * * LOW HITPOINT WARNING * * *
You completely miss something. Something hits you!
* * * LOW HITPOINT WARNING * * *
Something hits you.
You die...

... ... .K#.@..
..#.... .......
.......
###.......
###.(.......
#({.##....!.
#@### .##..
##(# l# #..# ..
#.## .. ###.#
### . #...# #.#
########.####.#
#....# #...##.#
........ #....#
###....#
..#.......


There were no monsters in sight!

Vanquished Creatures
  4 adders (D:2)
  A dart slug (D:1)
  A leopard gecko (D:2)
  4 bats (D:1)
  A giant cockroach (D:2)
  6 goblins
  4 hobgoblins
  5 kobolds
  A ball python (D:1)
  3 frilled lizards
  3 rats (D:1)
33 creatures vanquished.

Notes
Turn   | Place    | Note
-------+----------+-------------------------------------------
     0 | D:1      | InappropriateContent the Gargoyle Berserker began the quest for the Orb.
     0 | D:1      | Reached XP level 1. HP: 14/14 MP: 1/1
   305 | D:1      | Reached XP level 2. HP: 19/19 MP: 2/2
   558 | D:1      | Found a shattered altar of Ashenzari.
   819 | D:2      | Reached XP level 3. HP: 24/24 MP: 3/3
   914 | D:2      | Reached skill level 4 in Fighting
   949 | D:2      | Reached ** piety under Trog
   956 | D:2      | Reached XP level 4. HP: 16/29 MP: 4/4
  1242 | D:2      | Noticed Sigmund
  1296 | D:2      | HP: 1/29 [something (9)]
  1296 | D:2      | Slain by Sigmund

Skill      XL: |  1  2  3 |
---------------+----------+-----
Fighting       | 4 |  4.1
Dodging        | 2 |  2.1
Maces & Flails | |  3.5
Armour         | |  2.9

Action                   |  1- 3 |  4- 6 || total
-------------------------+-------+-------++-------
Melee: Mace              |   100 |    41 ||   141
Invok: Berserk           |     1 |     1 ||     2
       Trog's Hand       |       |     3 ||     3
  Eat: Chunk             |     1 |     1 ||     2
       Bread ration      |       |     1 ||     1
Armor: Animal skin       |     5 |       ||     5
       Leather armour    |    24 |       ||    24
       Ring mail         |    42 |    22 ||    64
Dodge: Dodged            |    87 |    20 ||   107
